[Event "*** SCC Grand Prix: Titled Tuesday Blitz"]
[Site "Chess.com"]
[Date "2020.08.25"]
[Round "7"]
[White "GelmanAlexander"]
[Black "MarcoRiehle"]
[Result "0-1"]
[WhiteElo "2556"]
[BlackElo "2738"]
[TimeControl "180+1"]
[EndTime "11:18:38 PDT"]
[Termination "MarcoRiehle won by resignation"]

1. d4 d5 2. Nc3 Bf5 3. f3 e6 4. e4 Bg6 5. h4 h5 6. Bd3 Nc6 7.
Nge2 Be7 8. g3 Qd7 9. Be3 O-O-O 10. exd5 exd5 11. Bxg6 fxg6 12. Qd3 Nb4 13. Qxg6 Qd6 14. Qxd6 Bxd6 15. Kd2 Ne7 16. Bf4 Nf5 17. Bxd6 Rxd6 18.
Rag1 Nc6 19. g4 Nfxd4 20. Nxd4 Nxd4 21. Rg3 Rf8 22. Rhh3 Rdf6 23. gxh5 Nxf3+ 24. Kd3 c6 25. Ne2 R8f7 26. Nd4 Ne5+ 27. Kc3 c5 28. Nb3 d4+ 29. Kd2 Rf2+ 0-1

[Event "*** SCC Grand Prix: Titled Tuesday Blitz"]
[Site "Chess.com"]
[Date "2020.08.25"]
[Round "7"]
[White "maxip32"]
[Black "labdalla"]
[Result "0-1"]
[WhiteElo "2413"]
[BlackElo "2265"]
[TimeControl "180+1"]
[EndTime "11:18:41 PDT"]
[Termination "labdalla won by resignation"]

1. e4 c5 2. Nf3 e6 3. d3 Nc6 4.
g3 d5 5. Nbd2 Nf6 6. Bg2 Be7 7.
O-O b5 8. Re1 Bb7 9. a4 b4 10.
exd5 exd5 11. Nf1 O-O 12. h4 Re8 13. Bf4 h6 14. Ne5 Nxe5 15. Bxe5 Bd6 16. Bxd6 Qxd6 17. Qd2 a5 18. Rxe8+ Rxe8 19. Re1 Re7 20. Ne3 Bc6 21. b3 Bd7 22. d4 Ne4 23. dxc5 Qxc5 24. Qxd5 Qc3 25.
Rd1 Nxf2 26. Kxf2 Qxe3+ 27. Kf1 Bg4 28. Qd8+ Re8 0-1

[Event "*** SCC Grand Prix: Titled Tuesday Blitz"]
[Site "Chess.com"]
[Date "2020.08.25"]
[Round "7"]
[White "Hikaru"]
[Black "ChessWarrior7197"]
[Result "1-0"]
[WhiteElo "3219"]
[BlackElo "2929"]
[TimeControl "180+1"]
[EndTime "11:18:46 PDT"]
[Termination "Hikaru won by resignation"]

1. Nf3 d5 2. e3 Nf6 3. c4 c6 4. d4 e6 5. Nbd2 Nbd7 6. Bd3 Bd6 7. e4 dxe4 8. Nxe4 Nxe4 9. Bxe4 Nf6 10. Bc2 O-O 11.
O-O b6 12. Bg5 h6 13. Bh4 g5 14.
Bg3 Bxg3 15. fxg3 c5 16. Qe2 Bb7 17. Rad1 Qe7 18. d5 Rad8 19. h4 g4 20. Nh2 h5 21.
Qe5 Ne8 22. Qxh5 f5 23. Nxg4 Ng7 24. Qg6 exd5 25. Nh6+ Kh8 26. Nxf5 Nxf5 27. Bxf5 Rd6 28. Qh5+ Kg8 29. Rde1 Qg7 30. Bh7+ Kh8 31. Rxf8+ Qxf8 32. Re8 1-0

[Event "*** SCC Grand Prix: Titled Tuesday Blitz"]
[Site "Chess.com"]
[Date "2020.08.25"]
[Round "7"]
[White "Maksimus1998"]
[Black "viniciusrego"]
[Result "1-0"]
[WhiteElo "2603"]
[BlackElo "2259"]
[TimeControl "180+1"]
[EndTime "11:18:46 PDT"]
[Termination "Maksimus1998 won on time"]

1. e4 c5 2. Nf3 d6 3. d4 cxd4 4. Nxd4 Nf6 5. Nc3 g6 6. g3 Bg7 7. Bg2 O-O 8. O-O Nc6 9. Nde2 Be6 10. h3 Qc8 11. Kh2 Rb8 12. b3 b5 13. Bb2 b4 14. Na4 Bd7 15. a3 a5 16. axb4 axb4 17.
Nf4 e5 18. Nd5 Nxd5 19. Qxd5 Rd8 20. f4 Be6 21. Qd2 exf4 22. gxf4 Bxb2 23. Nxb2 Qc7 24. Kh1 Bc8 25. f5 Ne5 26. f6 Kh8 27. Nd3 Qc3 28.
Qxc3 bxc3 29. Nf4 Bb7 30. Rfd1 Ra8 31. Ne2 Rxa1 32. Rxa1 d5 33. Rd1 Ba6 34. Nxc3 d4 35.
Nd5 d3 36. c4 1-0

[Event "*** SCC Grand Prix: Titled Tuesday Blitz"]
[Site "Chess.com"]
[Date "2020.08.25"]
[Round "7"]
[White "Chess_Dog06"]
[Black "kleopl"]
[Result "0-1"]
[WhiteElo "2293"]
[BlackElo "2442"]
[TimeControl "180+1"]
[EndTime "11:18:46 PDT"]
[Termination "kleopl won by resignation"]

1. Nf3 c5 2. g3 Nc6 3. Bg2 e5 4. c4 d6 5. Nc3 g6 6. O-O Bg7 7. Nd5 Nge7 8. d3 O-O 9. Nd2 f5 10. a3 a5 11. Rb1 a4 12. f4 Be6 13. fxe5 dxe5 14. Qc2 Nd4 15. Nxe7+ Qxe7 16. Qd1 Rfd8 17. Nf3 Bxc4 18. Nxd4 Rxd4 19. Be3 Rd7 20. Qc2 Ba2 21. Ra1 Bb3 22. Qxc5 Qxc5 23. Bxc5 Rc8 24. Be3 Rc2 25.
Rac1 Rxe2 26. Rc8+ Kf7 27. Bc5 Rxb2 28. Bb4 Be6 29.
Rfc1 Bh6 30. R1c7 Be3+ 31. Kf1 Rf2+ 32. Kg1 Rc2+ 0-1

[Event "*** SCC Grand Prix: Titled Tuesday Blitz"]
[Site "Chess.com"]
[Date "2020.08.25"]
[Round "7"]
[White "26andrej26"]
[Black "Khazieva_Elza"]
[Result "1-0"]
[WhiteElo "2603"]
[BlackElo "2416"]
[TimeControl "180+1"]
[EndTime "11:18:47 PDT"]
[Termination "26andrej26 won on time"]

1. e4 c5 2. Nf3 d6 3. d4 cxd4 4. Nxd4 Nf6 5. Nc3 Nc6 6. Bc4 e6 7. Bb3 Be7 8. Be3 Qc7 9. O-O a6 10. f4 O-O 11. f5 e5 12. Nde2 h6 13. Ng3 Na5 14. Nh5 Nxb3 15. axb3 Bd7 16. Nxf6+ Bxf6 17. Nd5 Qd8 18. Bb6 Qc8 19. Nxf6+ gxf6 20. Rf3 Qc6 21.
Be3 Qxe4 22. Bxh6 Bxf5 23. Bxf8 Rxf8 24. Qxd6 Qxc2 25. Qxf6 Bg6 26. h4 e4 27. Rg3 Qc5+ 28.
Kh2 e3 29. Rg5 Qc7+ 30. Kh1 e2 31. h5 Re8 32. Re1 1-0

[Event "*** SCC Grand Prix: Titled Tuesday Blitz"]
[Site "Chess.com"]
[Date "2020.08.25"]
[Round "7"]
[White "1f3_2g41-0"]
[Black "romulocardoso"]
[Result "1-0"]
[WhiteElo "2444"]
[BlackElo "2035"]
[TimeControl "180+1"]
[EndTime "11:18:48 PDT"]
[Termination "1f3_2g41-0 won by resignation"]

1. e4 c5 2. Nf3 d6 3. d4 cxd4 4. Nxd4 Nf6 5. Nc3 g6 6. Be3 Bg7 7. f3 O-O 8. Qd2 Nc6 9. Bc4 Bd7 10. h4 Rc8 11. Bb3 h5 12. O-O-O Ne5 13. Kb1 a5 14. Bh6 a4 15. Bxg7 Kxg7 16. Bxa4 Nc4 17. Qg5 Rc5 18. Qg3 Bxa4 19. Nxa4 Ra5 20. Nc3 Qb6 21. Nb3 Ra7 22. Rd4 Rc8 23. Rhd1 Na3+ 24. bxa3 Rxc3 25. e5 dxe5 26.
Qxe5 Rxa3 27. R4d2 Rc5 28. Qxe7 Rca5 29. Rd8 Nh7 30.
R8d7 Rf5 31. Qxa3 Nf8 32. Rd8 Ne6 33. Qb2+ Rf6 34. Rg8+ Kxg8 35. Qxf6 Nc5 36. Qxb6 1-0

[Event "*** SCC Grand Prix: Titled Tuesday Blitz"]
[Site "Chess.com"]
[Date "2020.08.25"]
[Round "7"]
[White "Playgood28"]
[Black "Matveev_Vladimir"]
[Result "0-1"]
[WhiteElo "2348"]
[BlackElo "2544"]
[TimeControl "180+1"]
[EndTime "11:18:49 PDT"]
[Termination "Matveev_Vladimir won by resignation"]

1. d4 Nf6 2. c4 g6 3. Nc3 Bg7 4. Nf3 O-O 5. e4 d6 6. Be2 e5 7.
O-O Nc6 8. dxe5 dxe5 9. Bg5 Bd7 10. Nd5 Be6 11. Nxf6+ Bxf6 12. Qxd8 Bxd8 13. Rfd1 Bxg5 14. Nxg5 Nd4 15. Bf1 Bg4 16. f3 Bc8 17. f4 Bg4 18. Rd3 Rad8 19. fxe5 h6 20. h3 Be2 21. Rxd4 Rxd4 22. Bxe2 hxg5 23. Bf3 Rxc4 24. Rd1 Re8 0-1

[Event "*** SCC Grand Prix: Titled Tuesday Blitz"]
[Site "Chess.com"]
[Date "2020.08.25"]
[Round "7"]
[White "GianmarcoVaR"]
[Black "GaboSalazar2001"]
[Result "1-0"]
[WhiteElo "2480"]
[BlackElo "2293"]
[TimeControl "180+1"]
[EndTime "11:18:49 PDT"]
[Termination "GianmarcoVaR won by resignation"]

1. d4 Nf6 2. c4 c5 3. d5 b5 4.
cxb5 a6 5. bxa6 g6 6. Nc3 Bg7 7.
e4 O-O 8. e5 Ne8 9. h4 Bxe5 10.
h5 d6 11. Bh6 Bg7 12. Qd2 Nf6 13. Nf3 Bf5 14. Nh4 e6 15. dxe6 fxe6 16. Nxf5 exf5 17. Bc4+ d5 18. Nxd5 Bxh6 19. Qxh6 Re8+ 20. Kf1 Nxd5 21. Rd1 Qf6 1-0

[Event "*** SCC Grand Prix: Titled Tuesday Blitz"]
[Site "Chess.com"]
[Date "2020.08.25"]
[Round "7"]
[White "Makswolf200817"]
[Black "Fortitudine"]
[Result "1-0"]
[WhiteElo "2392"]
[BlackElo "2232"]
[TimeControl "180+1"]
[EndTime "11:18:50 PDT"]
[Termination "Makswolf200817 won by resignation"]

1. d4 Nf6 2. c4 c5 3. Nf3 cxd4 4. Nxd4 e5 5. Nc2 d5 6. cxd5 Qxd5 7. Qxd5 Nxd5 8. e4 Nb4 9. Ne3 Bc5 10. Na3 O-O 11. Bd2 Be6 12. Bc4 Bxc4 13. Naxc4 Nd3+ 14. Ke2 Nf4+ 15. Kf3 Nc6 16. Nxe5 Nxe5+ 17. Kxf4 Bd6 18. Nf5 Bb8 19. Ke3 Nc4+ 20. Ke2 Re8 21. f3 g6 22.
Nh6+ Kg7 23. Ng4 f5 24. Bc3+ Kf7 25. Nh6+ Kf8 26. Kd3 b5 27. exf5 Rd8+ 28. Kc2 Ne3+ 29. Kb3 a5 30. a3 gxf5 31. Rhe1 a4+ 32. Ka2 Nc2 33. Rad1 Bd6 34. Re2 b4 35. axb4 Nxb4+ 36. Bxb4 Bxb4 37. Rxd8+ Rxd8 38. Nxf5 a3 39. bxa3 Ra8 40.
Re3 h5 41. Nd4 Bc5 42. Ne6+ Kg8 43. Nxc5 Ra5 44. Nb3 1-0

[Event "*** SCC Grand Prix: Titled Tuesday Blitz"]
[Site "Chess.com"]
[Date "2020.08.25"]
[Round "7"]
[White "AlexTriapishko"]
[Black "killer311"]
[Result "1-0"]
[WhiteElo "2707"]
[BlackElo "2493"]
[TimeControl "180+1"]
[EndTime "11:18:51 PDT"]
[Termination "AlexTriapishko won by resignation"]

1. e4 c6 2. Nf3 d5 3. d3 dxe4 4. dxe4 Qxd1+ 5. Kxd1 g6 6. Nfd2 Bg7 7. f3 Nf6 8. a4 a5 9. c3 O-O 10. Kc2 Be6 11.
Bc4 Bxc4 12. Nxc4 Nbd7 13. Be3 Rfd8 14. Nbd2 Ne8 15. Ra3 Nd6 16. Rb3 b5 17. Nxd6 bxa4 18. Ra3 exd6 19. Rxa4 d5 20. exd5 cxd5 21. Rha1 Ne5 22.
Rxa5 Rac8 23. Bb6 Rd6 24. Ra8 Rc6 25. Bd4 h5 26. R1a5 Rxa8 27. Rxa8+ Kh7 28. Rd8 Nc4 29. Nxc4 dxc4 30. Rd7 Bxd4 31. cxd4 Kg7 32. h4 Kf6 33. Kc3 Rb6 34. Rd5 Rb3+ 35. Kc2 Rd3 36. b4 Re3 37. b5 Re2+ 38. Kc3 Rxg2 39. b6 Rg1 40. Rb5 1-0

[Event "*** SCC Grand Prix: Titled Tuesday Blitz"]
[Site "Chess.com"]
[Date "2020.08.25"]
[Round "7"]
[White "A-Fier"]
[Black "Artem_Sadovsky"]
[Result "1-0"]
[WhiteElo "2754"]
[BlackElo "2562"]
[TimeControl "180+1"]
[EndTime "11:18:52 PDT"]
[Termination "A-Fier won by resignation"]

1. e4 c6 2. d4 d5 3. f3 dxe4 4. fxe4 e5 5. Nf3 exd4 6. Bc4 Nf6 7. O-O Bc5 8. Ne5 O-O 9. Nxf7 Qe7 10. Nd6+ Kh8 11.
Nxc8 Rxc8 12. Bg5 Nbd7 13. Nd2 Rf8 14. Qe1 d3+ 15. Kh1 dxc2 16. Rc1 Qe5 17. Nf3 Qxe4 18. Qc3 Ng4 19. Rxc2 Nde5 20. Nxe5 Nxe5 21. Re1 Qxc4 22.
Qxc4 Nxc4 23. Rxc4 Rae8 24. Rxe8 Rxe8 25. g3 Bb6 26.
Rc2 h6 27. Bf4 Kg8 28. Kg2 Kf7 29. Kf3 g5 30. Bd2 Re5 31. a4 Ke6 32. b3 h5 33.
h3 Rf5+ 34. Ke4 g4 35. hxg4 hxg4 36. Bf4 Rd5 37. Rc4 Bf2 38. Bb8 b5 39. Rxc6+ 1-0

[Event "*** SCC Grand Prix: Titled Tuesday Blitz"]
[Site "Chess.com"]
[Date "2020.08.25"]
[Round "7"]
[White "ChessicallyInclined"]
[Black "GMKrikor"]
[Result "0-1"]
[WhiteElo "2521"]
[BlackElo "2713"]
[TimeControl "180+1"]
[EndTime "11:18:53 PDT"]
[Termination "GMKrikor won by resignation"]

1. d4 Nf6 2. c4 g6 3. Nc3 d5 4. Nf3 Bg7 5. Qb3 dxc4 6. Qxc4 O-O 7. e4 Nc6 8. Be2 e5 9. d5 Nd4 10. Nxd4 exd4 11. Qxd4 c6 12. Qc4 b5 13. Qxc6 Bd7 14.
Qd6 Re8 15. Bd3 Bf8 16. Qg3 b4 17. Ne2 Nxe4 18. Bxe4 Rxe4 19. Be3 Bb5 20. Rd1 Bd6 21. Qf3 Rh4 22. Nd4 Ba6 23. g3 Rh5 24. b3 Qa5 25.
Rd2 Re8 26. Nc6 Qb5 27. h4 Rf5 28. Qg2 Qc5 29. h5 Qc1+ 30. Rd1 Rxe3+ 0-1

[Event "*** SCC Grand Prix: Titled Tuesday Blitz"]
[Site "Chess.com"]
[Date "2020.08.25"]
[Round "7"]
[White "OparinGrigoriy"]
[Black "chessdjw"]
[Result "1-0"]
[WhiteElo "2969"]
[BlackElo "2590"]
[TimeControl "180+1"]
[EndTime "11:18:55 PDT"]
[Termination "OparinGrigoriy won on time"]

1. d4 Nf6 2. Nf3 g6 3. c4 Bg7 4.
g3 O-O 5. Bg2 c6 6. b3 d5 7. Bb2 dxc4 8. bxc4 c5 9. O-O cxd4 10.
Nxd4 Qb6 11. Qc1 Rd8 12. e3 Nc6 13. Na3 Bd7 14. Rd1 Rac8 15. Rb1 Qa6 16. Nab5 Nxd4 17.
Bxd4 Be6 18. c5 Bxa2 19. Ra1 Qxb5 20. Rxa2 b6 21. c6 Nd5 22. Bxg7 Kxg7 23. Qa1+ Kg8 24. Rxa7 Nc3 25. Rf1 Rxc6 26. Bxc6 Ne2+ 27. Kg2 Qxc6+ 28. f3 Nc3 29. Rxe7 Rd2+ 30. Rf2 Rxf2+ 31. Kxf2 Qf6 32.
Qa8+ Kg7 33. Re8 h5 34. Rg8+ Kh7 35. Rd8 b5 36. Kg2 b4 37. Rb8 1-0

[Event "*** SCC Grand Prix: Titled Tuesday Blitz"]
[Site "Chess.com"]
[Date "2020.08.25"]
[Round "7"]
[White "x-0414717230"]
[Black "GoldenShare"]
[Result "1-0"]
[WhiteElo "2714"]
[BlackElo "2494"]
[TimeControl "180+1"]
[EndTime "11:18:59 PDT"]
[Termination "x-0414717230 won by checkmate"]

1. d4 d5 2. c4 dxc4 3. e3 Nf6 4. Bxc4 e6 5. Nf3 a6 6. O-O b5 7. Bb3 Bb7 8. a4 b4 9. Nbd2 c5 10. e4 cxd4 11. e5 Nfd7 12. Nc4 Nc5 13. Bc2 d3 14. Bb1 Be7 15. Bg5 f6 16. exf6 gxf6 17. Bh6 Rg8 18. Ne3 Nc6 19. Re1 Nd4 20. Nxd4 Qxd4 21. Qh5+ Rg6 22. a5 Rc8 23. Ba2 b3 24.
Bb1 Ne4 25. Bf4 Nd2 26. Bg3 Rc5 27. Qxh7 Rcg5 28. Qh8+ Rg8 29. Qh3 Qe4 30. Bxd3 Qxd3 31. Qxe6 Qe4 32. Qh3 Kf7 33. Rad1 Nc4 34. Nxc4 Qxc4 35.
Rxe7+ Kg6 36. Qh7# 1-0

[Event "*** SCC Grand Prix: Titled Tuesday Blitz"]
[Site "Chess.com"]
[Date "2020.08.25"]
[Round "7"]
[White "Brave_spirit12"]
[Black "davigator"]
[Result "1-0"]
[WhiteElo "2544"]
[BlackElo "2338"]
[TimeControl "180+1"]
[EndTime "11:19:03 PDT"]
[Termination "Brave_spirit12 won by checkmate"]

1. e4 c5 2. c3 Nf6 3. e5 Nd5 4.
d4 cxd4 5. cxd4 d6 6. Nf3 Nc6 7. Nc3 Nxc3 8. bxc3 d5 9. Bd3 e6 10. h4 h6 11. Bc2 Be7 12. h5 Bd7 13. O-O Rc8 14.
Rb1 Na5 15. Qd3 b6 16. Bf4 Nc4 17. Nd2 Na3 18. Rb3 Nxc2 19. Qxc2 Ba4 20. Qd3 Bxb3 21. axb3 O-O 22. Nf3 Qc7 23. Rc1 Qd8 24. Qe3 Kh7 25.
Qd3+ Kh8 26. Qe3 Qe8 27. Ra1 Rc7 28. Re1 Rb7 29. Bxh6 f5 30. Bf4 Qxh5 31. g3 Qh3 32.
Bg5 Qh5 33. Kg2 Kg8 34. Rh1 Qg6 35. Qf4 Bxg5 36. Nxg5 Rfb8 37. Qh4 Kf8 38. Nh7+ Kf7 39.
Ng5+ Ke8 40. c4 dxc4 41. bxc4 Rc8 42. d5 exd5 43. cxd5 Kd7 44. e6+ Kd6 45. Qf4+ Ke7 46. d6+ Kf6 47. Qd4+ Kxg5 48. Qh4# 1-0

[Event "*** SCC Grand Prix: Titled Tuesday Blitz"]
[Site "Chess.com"]
[Date "2020.08.25"]
[Round "7"]
[White "pavelalexandru07"]
[Black "catzapto"]
[Result "0-1"]
[WhiteElo "2193"]
[BlackElo "2059"]
[TimeControl "180+1"]
[EndTime "11:19:03 PDT"]
[Termination "catzapto won by resignation"]

1. e4 c5 2. Nf3 e6 3. d4 cxd4 4. Nxd4 Nf6 5. Nc3 Bb4 6. e5 Nd5 7. Bd2 Nxc3 8. bxc3 Be7 9. Qg4 g6 10. Bh6 Nc6 11. f4 Qa5 12. Ne2 Rg8 13. Qf3 b6 14. h4 Ba6 15. Bg5 Rc8 16. Bxe7 Nxe7 17. Kf2 Bxe2 18.
Bxe2 Qxc3 19. Qxc3 Rxc3 20. Rac1 Nd5 21. g3 Nb4 22. a4 Na2 23. Rb1 Rxc2 24. Ke3 Rxe2+ 25. Kxe2 Nc3+ 26. Kd3 Nxb1 27. Rxb1 d6 28. Kd4 Kd7 29. Rc1 d5 30. Rb1 Rc8 31. Rb4 Rc5 32. g4 Kc6 33. g5 a6 34. Kd3 b5 35. axb5+ axb5 36. Kd4 Rc4+ 37. Rxc4+ dxc4 38. Kc3 Kc5 39. Kc2 b4 40. Kb2 Kd4 41. Kc2 Ke4 42. Kd2 Kxf4 0-1

[Event "*** SCC Grand Prix: Titled Tuesday Blitz"]
[Site "Chess.com"]
[Date "2020.08.25"]
[Round "7"]
[White "KuzubovYuriy"]
[Black "BakaPG"]
[Result "1-0"]
[WhiteElo "2859"]
[BlackElo "2680"]
[TimeControl "180+1"]
[EndTime "11:19:07 PDT"]
[Termination "KuzubovYuriy won by resignation"]

1. d4 d5 2. c4 c6 3. e3 Nf6 4.
Nc3 e6 5. b3 Ne4 6. Nxe4 dxe4 7. Ne2 Nd7 8. Qc2 f5 9. Bb2 Nf6 10. h3 Bd6 11. g4 O-O 12. O-O-O b5 13. Rg1 bxc4 14. Qxc4 Kh8 15. Kb1 a5 16. Nc3 Qd7 17.
gxf5 exf5 18. d5 c5 19. Qa4 Qe7 20. Bb5 Rb8 21. Ne2 Rf7 22. Nf4 Bd7 23. Bxd7 Qxd7 24.
Qxd7 Nxd7 25. Ne6 Ne5 26. Bxe5 Bxe5 27. Nxc5 Bd6 28. Na4 f4 29. Nc3 fxe3 30. fxe3 Rf3 31. Nxe4 Ba3 32. Rd3 h6 33. d6 Rxh3 34. d7 Rd8 35.
Nd2 Rh2 36. Nc4 Bb4 37. Ne5 Kg8 38. Nc6 1-0

[Event "*** SCC Grand Prix: Titled Tuesday Blitz"]
[Site "Chess.com"]
[Date "2020.08.25"]
[Round "7"]
[White "RenarddesSurfaces"]
[Black "Supernotar"]
[Result "0-1"]
[WhiteElo "2546"]
[BlackElo "2728"]
[TimeControl "180+1"]
[EndTime "11:19:11 PDT"]
[Termination "Supernotar won on time"]

1. e4 c6 2. c4 d5 3. exd5 cxd5 4.
cxd5 Nf6 5. Qa4+ Nbd7 6. Nc3 g6 7. Nf3 Bg7 8. Bc4 O-O 9. d3 a6 10. Qa3 b6 11. O-O Bb7 12. Re1 b5 13. Bb3 Re8 14. d6 e6 15. Ne4 a5 16. Bg5 h6 17. Bxf6 Nxf6 18. Qc5 a4 19. Bd1 a3 20. Rb1 axb2 21.
Qxb5 Ba6 22. Qb3 Rb8 23. Qa3 Qb6 24. Nc5 Qxd6 25. Qxa6 Qxc5 26. d4 Qc3 27. Bb3 Bf8 28. Qe2 Ba3 29. Qe3 Qxe3 30. fxe3 Ne4 31. Kf1 Nc3 32.
Ne5 Nxb1 33. Rxb1 Rec8 0-1

[Event "*** SCC Grand Prix: Titled Tuesday Blitz"]
[Site "Chess.com"]
[Date "2020.08.25"]
[Round "7"]
[White "wannabe2700"]
[Black "fianchettoer"]
[Result "1-0"]
[WhiteElo "2627"]
[BlackElo "2422"]
[TimeControl "180+1"]
[EndTime "11:19:12 PDT"]
[Termination "wannabe2700 won on time"]

1. e4 c6 2. d4 d5 3. e5 Bf5 4. Nf3 e6 5. Be2 Ne7 6. O-O Ng6 7. Ne1 h5 8. Nd3 Nd7 9. f4 h4 10. Nd2 c5 11. c3 Qb6 12. Nf3 Be4 13. Be3 c4 14. Nf2 Bf5 15. b3 cxb3 16. axb3 a6 17. c4 Qc6 18. c5 Be7 19. b4 Rb8 20. b5 axb5 21. Qb3 b6 22. Bxb5 bxc5 23. Bxc6 Rxb3 24. Bd2 Rb6 25. Ra8+ Bd8 26. Ba4 c4 27. Ba5 Ke7 28.
Bxd7 Kxd7 29. Rxd8+ Rxd8 30. Bxb6 Rb8 31. Bc5 Nxf4 32.
Nxh4 Bh7 33. Nd1 g5 34. Nf3 g4 35. Ng5 1-0

[Event "*** SCC Grand Prix: Titled Tuesday Blitz"]
[Site "Chess.com"]
[Date "2020.08.25"]
[Round "7"]
[White "MestreSoares"]
[Black "Justinz"]
[Result "0-1"]
[WhiteElo "2142"]
[BlackElo "2401"]
[TimeControl "180+1"]
[EndTime "11:19:12 PDT"]
[Termination "Justinz won by resignation"]

1. Nf3 Nf6 2. b3 e6 3. Bb2 d5 4. e3 Be7 5. Be2 O-O 6. O-O c5 7. c4 dxc4 8. Bxc4 a6 9. d4 b5 10. Be2 Bb7 11. Nc3 Nbd7 12. dxc5 Bxc5 13. Rc1 Qe7 14.
Qc2 Rac8 15. Qb1 Ba3 16. Rfd1 Rfd8 17. Nd4 g6 18. Bf3 Bxf3 19. Nxf3 e5 20. Nd5 Nxd5 21. Rxd5 Bxb2 22. Qxb2 e4 23. Nd4 Ne5 24. Rxd8+ Qxd8 25. Rxc8 Qxc8 26. h3 Nd3 27. Qa3 Qc1+ 28. Qxc1 Nxc1 29.
a4 bxa4 30. bxa4 Nd3 31. Nc6 f5 32. Nb8 Nc5 33. a5 Kf7 34. Nc6 Ke6 35. g3 Kd6 36. Nb4 Kc7 37. h4 Kb7 38. Kg2 Nb3 39. Nd5 Nxa5 40. Nf6 Nc6 41. Nxh7 a5 42. Nf8 a4 43. Nxg6 a3 44. h5 a2 45. h6 Nd8 46.
h7 Nf7 47. Ne5 Nh8 0-1

[Event "*** SCC Grand Prix: Titled Tuesday Blitz"]
[Site "Chess.com"]
[Date "2020.08.25"]
[Round "7"]
[White "ThePatrick27"]
[Black "suyu28"]
[Result "0-1"]
[WhiteElo "2459"]
[BlackElo "2637"]
[TimeControl "180+1"]
[EndTime "11:19:13 PDT"]
[Termination "suyu28 won by checkmate"]

1. d4 d5 2. c4 c6 3. Nc3 Nf6 4. Nf3 e6 5. cxd5 exd5 6. Bg5 Be7 7. e3 Bf5 8. Nh4 Be6 9. Bd3 h6 10. Bxf6 Bxf6 11. Nf3 Nd7 12. O-O O-O 13. h3 Re8 14. a3 a5 15. Bc2 g6 16. Rb1 Kg7 17. b4 axb4 18. axb4 b5 19. Ne1 Nb6 20. Nd3 Nc4 21.
Nf4 Ra3 22. Nce2 Bd7 23. Nd3 Qe7 24. Nc5 Rea8 25. Nxd7 Qxd7 26. Nf4 h5 27. Qf3 Nd2 28. Qg3 Nxf1 29. Rxf1 Kf8 30. Bxg6 fxg6 31. Nxg6+ Kf7 32. Nf4 Qf5 33. Qf3 Ra1 34. g4 Rxf1+ 35. Kxf1 hxg4 36. hxg4 Qe4 37. Qh3 Ra1+ 38. Ke2 Ra2+ 39. Ke1 Qb1# 0-1

[Event "*** SCC Grand Prix: Titled Tuesday Blitz"]
[Site "Chess.com"]
[Date "2020.08.25"]
[Round "7"]
[White "maximnovik"]
[Black "el-roedor"]
[Result "1-0"]
[WhiteElo "2486"]
[BlackElo "2606"]
[TimeControl "180+1"]
[EndTime "11:19:14 PDT"]
[Termination "maximnovik won by resignation"]

1. d4 Nf6 2. Bg5 Ne4 3. Bh4 d5 4. f3 Nf6 5. Nc3 c5 6. e4 dxe4 7. dxc5 Qa5 8. Bb5+ Bd7 9. Qe2 a6 10. Bxd7+ Nbxd7 11. fxe4 e5 12. Nf3 Bxc5 13. O-O-O Bb4 14. Bxf6 gxf6 15. Nd5 Bc5 16. Kb1 O-O-O 17. c3 Bf8 18. Rd2 Kb8 19. Rhd1 Bh6 20. Rd3 Qc5 21. b4 Qc4 22.
Nxf6 Ka7 23. Nxd7 Rxd7 24. Qf2+ Ka8 25. Rxd7 Qxe4+ 26. Kb2 Be3 27. Qc2 Qc6 28. Nxe5 Qb6 29. Nc4 Qh6 30. Qe4 Ba7 1-0

[Event "*** SCC Grand Prix: Titled Tuesday Blitz"]
[Site "Chess.com"]
[Date "2020.08.25"]
[Round "7"]
[White "annamaja"]
[Black "annacramling"]
[Result "1-0"]
[WhiteElo "2246"]
[BlackElo "2127"]
[TimeControl "180+1"]
[EndTime "11:19:14 PDT"]
[Termination "annamaja won by checkmate"]

1. e4 c5 2. Nf3 e6 3. d4 cxd4 4. Nxd4 Nf6 5. Bd3 Nc6 6. Nb3 d5 7. Nc3 Bb4 8. exd5 exd5 9. O-O O-O 10. Bg5 Bxc3 11. bxc3 h6 12. Bh4 Be6 13. Nd4 Nxd4 14. cxd4 Rc8 15. Qf3 g5 16. Bg3 Bg4 17. Qe3 Re8 18. Qd2 Ne4 19. Qb4 Bf5 20. Qxb7 Nxg3 21. hxg3 Bxd3 22. cxd3 Re7 23. Qa6 Rec7 24. Qxh6 Rc6 25.
Qh5 Qf6 26. Qg4 Rc3 27. Rfe1 Rd8 28. Re5 Rxd3 29. Rxg5+ Kf8 30. Re1 Qh8 31. Qe2 Rxd4 32. Qe7# 1-0

[Event "*** SCC Grand Prix: Titled Tuesday Blitz"]
[Site "Chess.com"]
[Date "2020.08.25"]
[Round "7"]
[White "Parhamov"]
[Black "chito89"]
[Result "1-0"]
[WhiteElo "3014"]
[BlackElo "2784"]
[TimeControl "180+1"]
[EndTime "11:19:15 PDT"]
[Termination "Parhamov won on time"]

1. e4 c5 2. Nc3 e6 3. Nf3 a6 4. a4 Nc6 5. g3 Nf6 6. Bg2 d5 7. d3 Be7 8. O-O O-O 9. Re1 d4 10.
Nb1 e5 11. Bg5 Ne8 12. h4 Bg4 13. Bxe7 Qxe7 14. Nbd2 Nd6 15. c3 b5 16. axb5 axb5 17.
Qb3 Rab8 18. Qd5 Rfc8 19. Ra6 dxc3 20. bxc3 Be6 21. Qxc5 Qb7 22. Rea1 b4 23. cxb4 Nb5 24. Rxc6 Rxc6 25. Qxe5 Rbc8 26. d4 f6 27. Qf4 Rc1+ 28.
Rxc1 Rxc1+ 29. Kh2 Qc7 30. e5 Rc2 31. Ne4 Bd5 32.
Qe3 Bxe4 33. Qxe4 Rxf2 34. Qd5+ 1-0

[Event "*** SCC Grand Prix: Titled Tuesday Blitz"]
[Site "Chess.com"]
[Date "2020.08.25"]
[Round "7"]
[White "PavelShkapenko"]
[Black "Orest_Vovk"]
[Result "1-0"]
[WhiteElo "2629"]
[BlackElo "2394"]
[TimeControl "180+1"]
[EndTime "11:19:15 PDT"]
[Termination "PavelShkapenko won by checkmate"]

1. e4 g5 2. d4 g4 3. h3 d5 4.
hxg4 dxe4 5. Nc3 Bg7 6. Be3 Nf6 7. g5 Nd5 8. Nxe4 Nxe3 9. fxe3 Qd5 10. Qf3 Qa5+ 11.
c3 Be6 12. Nc5 Bc8 13. Bc4 e6 14. Ne2 Nd7 15. Bxe6 fxe6 16. Nxe6 Bf8 17. Rf1 Ne5 18. Qf6 Bxe6 19. Qxe6+ Be7 20. dxe5 Rf8 21. Rxf8+ Kxf8 22. O-O-O Qc5 23. Nd4 Rd8 24. Rf1+ Ke8 25. g6 hxg6 26. Qxg6+ Kd7 27. Qe6+ Ke8 28. Rh1 Qd5 29.
Rh8# 1-0

[Event "*** SCC Grand Prix: Titled Tuesday Blitz"]
[Site "Chess.com"]
[Date "2020.08.25"]
[Round "7"]
[White "checkitas"]
[Black "Smascher17"]
[Result "1-0"]
[WhiteElo "2301"]
[BlackElo "2389"]
[TimeControl "180+1"]
[EndTime "11:19:18 PDT"]
[Termination "checkitas won by resignation"]

1. d4 Nf6 2. c4 g6 3. Nf3 Bg7 4. g3 O-O 5. Bg2 d6 6. O-O Nbd7 7. Nc3 c6 8. e4 e5 9. h3 Qb6 10. Re1 exd4 11. Nxd4 Re8 12. Re2 Nc5 13. Bf4 Qc7 14.
Ndb5 cxb5 15. Bxd6 Qb6 16. e5 Rd8 17. exf6 Rxd6 18.
Nd5 Rxd5 19. Re8+ Bf8 20. Bxd5 Ne6 21. Qd2 g5 22. Bxe6 fxe6 23. Qxg5+ Kf7 24. Qh5+ Kxf6 25. Rxf8+ Ke7 26. Rf7+ Kd6 27. Rd1+ 1-0

[Event "*** SCC Grand Prix: Titled Tuesday Blitz"]
[Site "Chess.com"]
[Date "2020.08.25"]
[Round "7"]
[White "crackcubano"]
[Black "mamey78"]
[Result "1-0"]
[WhiteElo "2657"]
[BlackElo "2431"]
[TimeControl "180+1"]
[EndTime "11:19:19 PDT"]
[Termination "crackcubano won by resignation"]

1. Nf3 d5 2. d4 Nf6 3. c4 c6 4. e3 e6 5. Bd3 Nbd7 6. O-O Bd6 7. b3 e5 8. Be2 e4 9. Nfd2 h5 10. h3 Qe7 11. a4 h4 12. Ba3 Rh6 13. cxd5 Nxd5 14.
Bxd6 Rxd6 15. Bg4 Rg6 16. Bf5 Rg5 17. Bxe4 N7f6 18. Bxd5 cxd5 19. Nf3 Rh5 20. Nc3 Ne4 21. Rc1 Be6 22. Ne5 Rg5 23. f4 Rg3 24. Rf3 f6 25. Nxe4 dxe4 26. Rxg3 hxg3 27. Qh5+ 1-0